[Event "Mistrovství Čech mládeže 2023 - HD16"]
[Site "Harrachov, Czech Republic"]
[Date "2023.10.28"]
[Round "9.12"]
[White "Sadil, Antonín"]
[Black "Lána, Vincent"]
[Result "0-1"]
[TimeControl "90m + 30s"]
[WhiteElo "1792"]
[BlackElo "1342"]

1. e4 e6 2. d4 d5 3. Nd2 dxe4 4. Nxe4 Bd7 5. Bd3 Bc6 6. Nf3 Nd7 7. O-O Ngf6 8. Nxf6+ Nxf6 9. c3 Bd6 10.
Re1 h6 11. Ne5 O-O 12. Nxc6 bxc6 13. Qf3 c5 14. Be3 cxd4 15. Bxd4 c5 16. Be5 Bxe5 17. Rxe5 Qc7 18. Re2 Rfd8 19.
Bc2 Rab8 20. b3 Rd6 21. Rd1 Rxd1+ 22. Bxd1 Rd8 23. Bc2 Rd6 24. h3 Kf8 25. Qe3 Qa5 26. Qg3 Rd8 27. a4 Nd5 28.
Rd2 Nf6 29. b4 cxb4 30. cxb4 Qb6 31. a5 Qb8 32. b5 Qxg3 33. Rxd8+ Ke7 34. Re8+ Nxe8 35. fxg3 Kd6 36. Ba4 Nf6 37.
Bd1 Ne8 38. Bf3 Nc7 39. Be2 Kc5 40. b6 axb6 41. axb6 Kxb6 42. Kf2 Kc5 43. h4 Nd5 44. Kf3 Kd4 45. Bd1 e5 46. Bc2 Nc3 47.
g4 g5 48. hxg5 hxg5 49. Bf5 e4+ 50. Kf2 Kd3 51. Ke1 Ke3 52. Bh7 Kf4 53. Kd2 Nb5 54. Bg8 Nd6 55. Ke2 Kxg4 56. Ke3 Kg3 57.
Bxf7 Nxf7 58. Kxe4 Kxg2 59. Kf5 Kg3 0-1

[Event "Mistrovství Čech mládeže 2023 - HD16"]
[Site "Harrachov, Czech Republic"]
[Date "2023.10.28"]
[Round "9.13"]
[White "Langmaier, Michal"]
[Black "Meca, Viktor"]
[Result "1/2-1/2"]
[TimeControl "90m + 30s"]
[WhiteElo "1697"]
[BlackElo "1559"]

1. c4 e5 2. Nc3 Nf6 3. g3 d5 4. cxd5 Nxd5 5. Bg2 Nb6 6. d3 Be7 7. Nf3 Nc6 8. O-O O-O 9. Bd2 Be6 10.
Rc1 f6 11. Ne4 Qd7 12. Qc2 Bh3 13. Nc5 Bxc5 14. Qxc5 Bxg2 15. Kxg2 Rfd8 16. Be3 Qd5 17. Qxd5+ Nxd5 18. Bc5 Rd7 19.
Nd2 Rc8 20. Nc4 b6 21. Ba3 Nd4 22. e4 Ne7 23. Bxe7 Rxe7 24. Ne3 Rd8 25. Nd5 Red7 26. Nxc7 Ne2 27. Rc2 Rc8 28. Rxe2 Rdxc7 29. Rd2 Rd7 30. Rfd1 Rd4 31. f4 Kf7 32. Kf3 Ke6 33. Ke3 Rc7 34. Rf1 Rc8 35. fxe5 fxe5 36. Rdd1 Rcd8 37. Rf2 Rc8 1/2-1/2

[Event "Mistrovství Čech mládeže 2023 - HD16"]
[Site "Harrachov, Czech Republic"]
[Date "2023.10.28"]
[Round "9.14"]
[White "Barták, Josef"]
[Black "Martinkovič, Adam"]
[Result "1-0"]
[TimeControl "90m + 30s"]
[WhiteElo "1476"]
[BlackElo "1680"]

1. e4 c6 2. c4 d5 3. exd5 cxd5 4. cxd5 Nf6 5. Nc3 Nxd5 6. d4 e6 7. Nf3 Nc6 8. Bd3 Be7 9. O-O O-O 10.
a3 Re8 11. Bc2 Bf6 12. Qd3 g6 13. Re1 Nce7 14. Bg5 Bg7 15. Rac1 Bd7 16. Ne4 Bc6 17. b4 a6 18. Nc5 Bb5 19.
Qd2 b6 20. Ne4 Qd7 21. Bb3 Rec8 22. Ne5 Bxe5 23. dxe5 Rxc1 24. Rxc1 Kf8 25. Bxe7+ Qxe7 26. Qh6+ Ke8 27. Qxh7 Kd8 28.
Nd6 Be8 29. Rd1 Kc7 30. Bxd5 exd5 31. Rxd5 Rd8 32. Nxe8+ Qxe8 33. Rxd8 Kxd8 34. Qh4+ Kc7 35. Qc4+ Kb7 36. f4 Qd7 37.
h3 Ka7 38. Kh2 Kb7 39. Qb3 Ka7 40. a4 Qe7 41. Qd5 Qc7 42. Qd6 Qb7 43. a5 bxa5 44. bxa5 Ka8 45. Qd3 Ka7 46. Qe3+ Kb8 47.
Qc3 Ka7 48. g4 Qe4 49. Kg3 Kb8 50. Qb3+ Ka7 51. Qxf7+ Ka8 52. Qe8+ Ka7 53. Qd7+ Ka8 54. Qc8+ Ka7 55. Qc3 Kb8 56. e6 Ka7 57. Qc7+ Ka8 58.
Qe5 Qd3+ 59. Kh4 g5+ 60. Kxg5 Qc2 61. e7 Ka7 62. e8=Q Qc8 63. Q5e7+ 1-0

[Event "Mistrovství Čech mládeže 2023 - HD16"]
[Site "Harrachov, Czech Republic"]
[Date "2023.10.28"]
[Round "9.15"]
[White "Hrubý, Filip"]
[Black "Mrázek, Adam"]
[Result "1-0"]
[TimeControl "90m + 30s"]
[WhiteElo "1386"]
[BlackElo "1669"]

1. e4 g6 2. d4 Bg7 3. f4 d6 4. Nf3 Nf6 5. Nc3 O-O 6. Bd3 Nc6 7. e5 dxe5 8. dxe5 Nd5 9. Nxd5 Qxd5 10.
Be3 Nb8 11. Qe2 c5 12. Bc4 Qc6 13. O-O-O Qc7 14. h4 h5 15. Nh2 Nc6 16. g4 hxg4 17. Nxg4 b5 18. Bxb5 Rb8 19. Bc4 Qb6 20.
b3 Qb4 21. Nf2 Qa3+ 22. Kb1 Nb4 23. h5 Bf5 24. Nd3 Qxa2+ 25. Kc1 Rfd8 26. Rh2 Qa5 27. Kb2 Qa2+ 28. Kc1 Qa1+ 29. Kd2 Qa5 30.
Kc1 Na2+ 31. Kb2 Nc3 32. Bd2 Nxd1+ 33. Qxd1 Qc7 34. Bc3 e6 35. Qe1 Rd7 36. Qg3 a5 37. hxg6 fxg6 38. Nf2 a4 1-0

[Event "Mistrovství Čech mládeže 2023 - HD16"]
[Site "Harrachov, Czech Republic"]
[Date "2023.10.28"]
[Round "9.16"]
[White "Bludský, Vít"]
[Black "Mikhno, Artem"]
[Result "0-1"]
[TimeControl "90m + 30s"]
[WhiteElo "1525"]
[BlackElo "1781"]

1. e4 c6 2. d4 d5 3. e5 Bf5 4. Nf3 e6 5. Be2 c5 6. O-O Nc6 7. Be3 cxd4 8. Nxd4 Nge7 9. f4 Nxd4 10.
Bxd4 Nc6 11. Nc3 Rc8 12. Bb5 a6 13. Bxc6+ Rxc6 14. Kh1 Bb4 15. a3 Bxc3 16. Bxc3 O-O 17. Rc1 Qb6 18. Qd2 Rfc8 19.
Bd4 Qb5 20. c3 Qb3 21. Rf2 b5 22. Qd1 Qxd1+ 23. Rxd1 a5 24. Rff1 Kf8 25. Ra1 Ke7 26. b4 Ra6 27. Bc5+ Kd7 28.
Kg1 h6 29. Rad1 axb4 30. Bxb4 Rc4 31. Rd4 g6 32. Rf2 Rac6 33. Rfd2 g5 34. g3 gxf4 35. gxf4 Rxd4 36. Rxd4 Rc8 37.
Rd2 Be4 38. Kf2 Rg8 39. Ke3 h5 40. Rf2 h4 41. Re2 h3 42. Rd2 Rg6 43. Re2 f6 44. Rf2 f5 45. Bc5 Ke8 46. Ke2 Kf7 47.
Rf1 Rg2+ 48. Rf2 Rg1 49. Kd2 Kg6 50. Rf3 Rg2+ 51. Rf2 Rg4 52. Rf1 Kh5 53. Ke2 Rg2+ 54. Rf2 Rg1 55. Be3 Kg4 56.
Bd2 Ra1 57. Ke3 Rxa3 58. Rf1 b4 59. Kd4 b3 60. Bc1 Ra2 0-1

[Event "Mistrovství Čech mládeže 2023 - HD16"]
[Site "Harrachov, Czech Republic"]
[Date "2023.10.28"]
[Round "9.17"]
[White "Sochor, Antonín"]
[Black "Bauer, Sebastian"]
[Result "0-1"]
[TimeControl "90m + 30s"]
[WhiteElo "1702"]
[BlackElo "1366"]

1. e4 e5 2. Nf3 Nc6 3.
Bc4 Bc5 4. O-O d6 5. c3 Nf6 6. d4 Bb6 7. dxe5 Nxe4 8. Bxf7+ Kxf7 9. Qd5+ Be6 10. Qxe4 dxe5 11. Ng5+ Ke7 12. Be3 Qd5 13. Qh4 Qc4 14.
Ne4+ Ke8 15. Na3 Qe2 16. Bxb6 axb6 17. Nf6+ Kf7 18. Rae1 Qxb2 19. f4 Rxa3 20. fxe5 Rxa2 21. Qh5+ Ke7 22.
Qg5 Qxg2+ 23. Qxg2 Rxg2+ 24. Kxg2 gxf6 25. exf6+ Kf7 26. Rf4 Nb8 27. h4 Rg8+ 28. Kh2 Nd7 29. Rfe4 Nc5 30. R4e3 Rg4 31. Rh3 Re4 32. Rhe3 Rxh4+ 33. Kg3 Rh3+ 34. Kf4 Nd3+ 0-1

[Event "Mistrovství Čech mládeže 2023 - HD16"]
[Site "Harrachov, Czech Republic"]
[Date "2023.10.28"]
[Round "9.18"]
[White "Markina, Sofiia"]
[Black "Dominiková, Denisa"]
[Result "1-0"]
[TimeControl "90m + 30s"]
[WhiteElo "1564"]
[BlackElo "1445"]

1. e4 e5 2. Nf3 Nc6 3. Bc4 Bc5 4. c3 Qe7 5. d4 Bb6 6. O-O d6 7. Re1 Nf6 8. h3 h6 9. a4 a6 10. b4 O-O 11. a5 Ba7 12.
d5 Nb8 13. Be3 Bxe3 14. Rxe3 Nbd7 15. Nbd2 Nh5 16. Nf1 Nf4 17. Ng3 Nf6 18. Rc1 Nh7 19. Qc2 Bd7 20. Bb3 Ng5 21. Ne2 f5 22.
Nxg5 hxg5 23. Nxf4 exf4 24. Ree1 fxe4 25. Rxe4 Qf7 26. Qd2 Qf5 27. Re7 g4 28. Bc2 Qg5 29. Rxd7 gxh3 30. f3 Rae8 31.
Qf2 Rf6 32. Be4 h2+ 33. Kh1 Rh6 34. Re1 Kf8 35. Bd3 Rxe1+ 36. Qxe1 g6 37. Rxc7 Qd8 38. Rxb7 g5 39. Bxa6 Rh8 40.
Qe6 g4 41. Qf7# 1-0

[Event "Mistrovství Čech mládeže 2023 - HD16"]
[Site "Harrachov, Czech Republic"]
[Date "2023.10.28"]
[Round "9.19"]
[White "Šlosar, Jan"]
[Black "Tichý, Tomáš"]
[Result "0-1"]
[TimeControl "90m + 30s"]
[WhiteElo "1346"]
[BlackElo "1697"]

1. d4 Nf6 2. Nf3 e6 3. c4 b6 4. Nc3 Bb4 5. Bg5 Bb7 6. e3 h6 7. Bh4 Bxc3+ 8. bxc3 d6 9. Bd3 Nbd7 10.
O-O Qe7 11. a4 a5 12. Nd2 g5 13. Bg3 O-O-O 14. e4 e5 15. f3 Rdg8 16. Bf2 0-1

[Event "Mistrovství Čech mládeže 2023 - HD16"]
[Site "Harrachov, Czech Republic"]
[Date "2023.10.28"]
[Round "9.20"]
[White "Ocelák, David"]
[Black "Mauder, Karel"]
[Result "1-0"]
[TimeControl "90m + 30s"]
[WhiteElo "1580"]
[BlackElo "1423"]

1. e4 e5 2. Bc4 Nf6 3. d3 Bc5 4. Nf3 d6 5. Bg5 h6 6. Bh4 Nc6 7. c3 Be6 8. Nbd2 Qd7 9. Qe2 O-O-O 10. b4 Bb6 11. a4 a5
12. Bb5 g5 13. Bg3 h5 14. Nc4 Bxc4 15. dxc4 h4 16. Bxe5 dxe5 17.
Nxe5 Qe6 18. Nxc6 bxc6 19. Ba6+ Kd7 20. e5 Ng4 21. O-O Nxe5 22. Rfe1 f6 23. c5 Ba7 24. Qe4 Ke7 25. Bc4 Qd7 26.
Qg6 Rhf8 27. Rxe5+ fxe5 28. Re1 Rf5 29. Rxe5+ 1-0